Match 38044837
Unlisted

Match 38044837
End
Panzergrenadier Squad
Selects Battlefield Espionage Battlegroup
Panzergrenadier Squad
Panzergrenadier Squad
Construct Light Support Kompanie
Fire Support Elements
Veteran Squad Leaders
le.IG 18 Mechanized Group
2.5-tonne Medical Truck
Selects 250/3 Funkpanzerwagen
Selects Anti-Tank Incendiary Munitions
Construct Panzerarmee Kommand
Doctor Plague XPress
pensss
Pinhead Larry
sharpshooter
0
0

Comments sign in to comment!

No comments posted yet!